 Dungeon Crawl Stone Soup version 0.31-a0-986-g5e6e4ef867 (webtiles) character file.

Game seed: 10317630982186655850

11 wildpjah the Ducker (level 2, -4/17 HPs)
             Began as a Tengu Gladiator on Nov 21, 2023.
             Killed from afar by Natasha (9 damage)
             ... with a magic dart
             ... on level 2 of the Dungeon.
             The game lasted 00:00:33 (691 turns).

wildpjah the Ducker (Tengu Gladiator)                Turns: 691, Time: 00:00:34

Health: -4/17      AC:  3    Str: 14    XL:     2   Next: 29%
Magic:  3/3        EV: 13    Int:  8    God:
Gold:   26         SH:  0    Dex: 15    Spells: 1/1 levels left

rFire   . . .        a - +0 long sword
rCold   . . .        (no shield)
rNeg    . . .        b - +0 leather armour
rPois   .            c - +0 hat
rElec   .            (no cloak)
rCorr   .            (no gloves)
SInv    .            (boots unavailable)
Will    .....        (no amulet)
Stlth   +            (no ring)
HPRegen 0.22/turn    (no ring)
MPRegen 0.08/turn

%: acrobat
@: no status effects
A: beak, talons 3, acrobatic
a: no special abilities


You were on level 2 of the Dungeon.
You visited 1 branch of the dungeon, and saw 2 of its levels.

You collected 26 gold pieces.

Inventory:

Hand Weapons
 a - a +0 long sword (weapon)
Missiles
 d - 3 throwing nets (quivered)
 e - a javelin
Armour
 b - a +0 leather armour (worn)
 c - a +0 hat (worn)
Scrolls
 f - a scroll of immolation {unknown}
 h - a scroll of identify {unknown}
 i - a scroll of vulnerability {unknown}
Potions
 g - a potion of ambrosia {unknown}


   Skills:
 + Level 2.0 Fighting
 + Level 3.3 Long Blades
 + Level 2.1 Throwing
 * Level 3.8 Dodging


You had one spell level left.
You didn't know any spells.
Your spell library was empty.

Dungeon Overview and Level Annotations

Branches:
Dungeon (2/15)

Altars:

Annotations:
D:2 Natasha


Innate Abilities, Weirdness & Mutations

You have a beak for a mouth.
You have claws for feet.
You can magically evade attacks while moving or waiting.


Message History

There is an open door here.
Done exploring.
Done exploring.
There is a stone staircase leading down here.
You climb downwards.
Found 18 gold pieces.
There is a stone staircase leading up here. 2 kobolds come into view.
The kobold shouts!
Natasha, Servant of Life and Death comes into view.
Natasha hisses angrily.
A bat comes into view.
Found 10 gold pieces and a club.
The kobold hits you with a +0 dagger.
You hit the kobold.
You kill the kobold!
Natasha mumbles some strange words.
The kobold shouts!
You hit Natasha. You claw Natasha!
Natasha is severely wounded.
Natasha barely misses you.
You closely miss Natasha.
Natasha is severely wounded.
The bat completely misses you. Natasha claws you!
The cerulean imp barely misses you.
You completely miss Natasha. Your kick misses Natasha.
Natasha is severely wounded.
The bat barely misses you.
Natasha extends her claws.
Natasha barely misses you. The cerulean imp barely misses you.
Natasha claws you but does no damage.
The cerulean imp hits you from afar with a +2 spear.
* * * LOW HITPOINT WARNING * * *
You closely miss Natasha. Your peck misses Natasha.
Natasha is severely wounded.
The bat closely misses you. x2
Natasha stares at you and mumbles some strange words.
The magic dart hits you!
Ouch! That really hurt!
You die...
Natasha curls up and begins to purr.

.. #. #.# # .
.. .##.. ## #.
###..$K
#..##.###..$...
#.........###
#.###.<...@b#
#######hK.....
#5..... #.....
....$ )... ...
...


You could see Natasha, a cerulean imp (summoned), a bat and a kobold.

Vanquished Creatures
  A ball python (D:1)
  3 endoplasms (D:1)
  2 giant cockroaches (D:1)
  A goblin (D:1)
  A kobold (D:2)
  A frilled lizard (D:1)
9 creatures vanquished.

Notes
Turn   | Place    | Note
-------+----------+-------------------------------------------
     0 | D:1      | wildpjah the Tengu Gladiator began the quest for the Orb.
     0 | D:1      | Reached XP level 1. HP: 12/12 MP: 2/2
   429 | D:1      | Reached XP level 2. HP: 17/17 MP: 3/3
   685 | D:2      | Noticed Natasha
   691 | D:2      | Killed from afar by Natasha

Illustrated notes

Levels and vault maps discovered:
D:1:      tarquinn_simple_flora_water_d, layout_basic
D:2:      layout_rooms, basic_altar, basic_ecumenical_altar, uniq_natasha,
          uniq_terence

Action                     || total
---------------------------++-------
  Melee: Long sword        ||    18
         Peck              ||     2
         Kick              ||     3
         Punch             ||     1
   Stab: Sleeping          ||     1
 Armour: Leather armour    ||     8
  Dodge: Dodged            ||    10

Table legend: (Time is in decaauts)
 A = Elapsed time spent in this place.
 B = Non-inter-level travel time spent in this place.
 C = Inter-level travel time spent in this place.
 D = Time resting spent in this place.
 E = Time spent auto-exploring this place.
 F = Levels seen in this place.
 G = Mean time per level.
                   A        B        C        D        E       F      G
               +--------+--------+--------+--------+--------+-----+--------+
         Total |    694 |    683 |     11 |      0 |    616 |   2 |  347.0 |
       Dungeon |    694 |    683 |     11 |      0 |    616 |   2 |  347.0 |
               +--------+--------+--------+--------+--------+-----+--------+

Top non-repeatable levels by time:
     D:1: 685 daAuts
     D:2: 9 daAuts
